 Dungeon Crawl Stone Soup version 0.18.1-8-gdd0e5ea (webtiles) character file.

71 Shearov the Sneak (level 4, -1/24 HPs)
             Began as a Kobold Enchanter on June 1, 2016.
             Slain by an orc
             ... wielding a +0 flail
              (8 damage)
             ... on level 3 of the Dungeon.
             The game lasted 00:06:34 (2228 turns).

Shearov the Sneak (Kobold Enchanter)                Turns: 2228, Time: 00:06:35

Health: -1/24      AC:  4    Str:  7    XL:     4   Next: 47%
Magic:  4/7        EV: 16    Int: 13    God:
Gold:   95         SH:  0    Dex: 16    Spells: 2 memorised, 3 levels left

rFire  . . .     SeeInvis .     a - +1 dagger
rCold  . . .     Gourm    .     b - +1 robe
rNeg   . . .     Faith    .     (shield restricted)
rPois  .         Spirit   .     (no helmet)
rElec  .         Dismiss  .     p - +0 cloak
rCorr  .         Reflect  .     (no gloves)
SustAt .         Harm     .     (no boots)
MR     .....                    (no amulet)
Stlth  +++.......               (no ring)
                                (no ring)

@: very slightly contaminated, not resistant to hostile enchantments, fairly
stealthy
A: carnivore 3
a: no special abilities


You were on level 3 of the Dungeon.
You were completely stuffed.

You visited 1 branch of the dungeon, and saw 3 of its levels.

You collected 95 gold pieces.

Inventory:

Hand Weapons
 a - a +1 dagger (weapon)
Armour
 b - a +1 robe (worn)
 p - a +0 cloak (worn)
Wands
 o - a wand of acid (8/15)
Scrolls
 e - a scroll of amnesia {unknown}
 h - a scroll of teleportation {unknown}
 j - 2 scrolls of identify {unknown}
 m - 2 scrolls of noise {unknown}
 n - a scroll of blinking {unknown}
 q - 3 scrolls of random uselessness {unknown}
 r - 2 scrolls of enchant armour {unknown}
Potions
 f - 2 potions of cancellation {unknown}
 g - a potion of curing {unknown}
 i - a potion of heal wounds {unknown}
 l - a potion of haste {unknown}
Books
 c - a book of Maledictions

   Spells                             Type                      Level
   a - Corona                         Hexes                        1
   b - Ensorcelled Hibernation        Hexes/Ice                    2
   c - Confuse                        Hexes                        3
   d - Tukima's Dance                 Hexes                        3
   e - Dazzling Spray                 Conjuration/Hexes            3
Comestibles
 d - 2 meat rations
 k - a royal jelly


   Skills:
 * Level 1.7 Short Blades
 * Level 3.6 Dodging
 * Level 5.1 Stealth
 + Level 2.2 Spellcasting
 + Level 3.3 Hexes


You had 3 spell levels left.
You knew the following spells:

 Your Spells              Type           Power        Failure   Level  Hunger
a - Corona                Hex            ##.....      10%         1    ##.....
b - Confuse               Hex            ##......     21%         3    ####...


Dungeon Overview and Level Annotations

Branches:
Dungeon (3/15)

Altars:
Gozag


Innate Abilities, Weirdness & Mutations

You are small and have problems with some larger weapons.
You are carnivorous and can eat meat at any time.


Message History

The orc completely misses you. The orc priest misses you.
You hit the orc but do no damage.
The orc is heavily wounded.
You hit the orc but do no damage.
The orc is heavily wounded.
The orc closely misses you. The orc priest hits you with a flail.
You hit the orc but do no damage.
The orc is heavily wounded.
The orc misses you.
The orc priest casts a cantrip, but nothing happens.
You hit the orc but do no damage.
The orc is heavily wounded.
The orc priest calls upon Beogh to heal the orc.
The orc's wounds heal themselves!
The orc completely misses you.
You hit the orc but do no damage. The orc priest misses you.
The orc closely misses you.
You hit the orc but do no damage. The orc priest hits you with a flail.
* * * LOW HITPOINT WARNING * * *
You hit the orc but do no damage. The orc hits you with a flail!
You die...

##........#
#.........#
#........(# ..
#.........# .# ##
#.#.....#.# ..#.
#.#.###.#
.#.####..(....# ..
.....#...##o.#
#..##.##.#.)...o@#
......#..........#
#.....##.#....#
##!#.###.#....#
#%#.# #.#...##
#o#.. ..#...<#
#o#####.#..### .o
..#..# #o .#####


You could see an orc priest and an orc.

Vanquished Creatures
  Ijyb (D:3)
  A worm (D:2)
  3 orcs (D:2)
  3 giant cockroaches (D:2)
  6 goblins
  4 hobgoblins
  5 jackals (D:2)
  7 bats (D:1)
  A giant newt (D:1)
  A kobold (D:2)
  4 rats
36 creatures vanquished.

Notes
Turn   | Place    | Note
--------------------------------------------------------------
     0 | D:1      | Shearov the Kobold Enchanter began the quest for the Orb.
     0 | D:1      | Reached XP level 1. HP: 10/10 MP: 3/3
   198 | D:1      | Reached XP level 2. HP: 7/15 MP: 5/5
   626 | D:2      | Found an opulent altar of Gozag.
   753 | D:2      | Reached XP level 3. HP: 19/19 MP: 6/6
  1082 | D:3      | Noticed Ijyb
  1305 | D:2      | Learned a level 3 spell: Confuse
  1343 | D:3      | Killed Ijyb
  1343 | D:3      | Reached skill level 5 in Stealth
  1343 | D:3      | Reached XP level 4. HP: 15/24 MP: 2/7
  2228 | D:3      | Slain by an orc

Skill      XL: |  1  2  3 |
---------------+----------+-----
Dodging        | 3 |  3.6
Stealth        | 5 |  5.1
Short Blades   | |  1.7
Spellcasting   | |  2.2
Hexes          | |  3.3

Action                   |  1- 3 |  4- 6 || total
-------------------------+-------+-------++-------
Melee: Dagger            |   122 |   116 ||   238
 Cast: Corona            |     4 |     3 ||     7
       Confuse           |     1 |     1 ||     2
 Stab: Sleeping          |     7 |       ||     7
       Distracted        |       |     1 ||     1
  Eat: Chunk             |     3 |    10 ||    13
Armor: Robe              |    49 |    22 ||    71
Dodge: Dodged            |   108 |   103 ||   211
